Map: Dusk Towers

Players

Fropez

  • Race: Protoss Protoss
  • League: Silver
  • Spawn Location: 7:00

LittleOlive

  • Race: Protoss Protoss
  • League: Silver
  • Spawn Location: 1:00

VOD

Have the link to the VOD?

Description

Time

  • Played on: April 25, 2016, 4:28 p.m.
  • Length: 7:10
Show
View Real Time Build Order
Export as new Build Order

Fropez Protoss 

Build Orders:  

Get SALT Encoding   

  12  0:03  Probe (Chrono Boost)  
  13  0:17  Pylon  
  13  0:24  Probe (Chrono Boost)  
  13  0:26  Assimilator  
  14  0:38  Gateway  
  14  0:41  Probe (Chrono Boost)  
  15  0:52  Probe (Chrono Boost)  
  16  1:02  Probe (Chrono Boost)  
  17  1:11  Gateway  
  17  1:13  Probe (Chrono Boost)  
  18  1:18  Assimilator  
  18  1:23  Probe (Chrono Boost)  
  19  1:27  Cybernetics Core  
  19  1:37  Probe (Chrono Boost), Assimilator  
  20  1:45  Pylon  
  20  1:49  Probe (Chrono Boost)  
  21  2:06  Stalker  
  21  2:07  Stalker  
  25  2:15  Mothership Core (Chrono Boost)  
  27  2:22  Warp Gate (Chrono Boost)  
  27  2:34  Probe  
  28  2:49  Pylon  
  28  2:51  Stalker  
  28  2:58  Pylon  
  30  3:00  Pylon  
  29  3:26  Pylon  
  29  3:40  Stalker  
  29  3:41  Stalker  
  29  3:44  Probe  
  32  3:55  Nexus  
  32  3:57  Probe  
  33  4:09  Probe  
  34  4:20  Twilight Council  
  34  4:21  Probe  
  35  4:33  Probe  
  36  4:45  Probe  
  37  4:50  Zealot x2  
  41  4:57  Probe  
  42  5:09  Probe  
  43  5:16  Probe  
  43  5:20  Pylon  
  44  5:21  Probe  
  44  5:26  Stalker  
  44  5:27  Probe, Stalker  
  50  5:33  Probe  
  51  5:37  Probe  
  51  5:39  Pylon  
  52  5:45  Probe, Robotics Facility  
  53  5:52  Adept x2  
  57  6:01  Pylon  
  57  6:05  Assimilator  
  57  6:09  Assimilator  
  57  6:12  Probe  
  58  6:27  Cybernetics Core  
  43  7:05  Zealot  
Show
View Real Time Build Order
Export as new Build Order

LittleOlive Protoss 

Build Orders:  

Get SALT Encoding   

  12  0:14  Probe (Chrono Boost)  
  13  0:25  Probe (Chrono Boost)  
  14  0:29  Pylon  
  14  0:52  Forge  
  14  1:19  Pylon  
  14  1:23  Probe (Chrono Boost)  
  15  1:28  Photon Cannon  
  15  1:39  Photon Cannon  
  15  1:48  Probe (Chrono Boost)  
  16  1:57  Gateway  
  16  2:06  Pylon  
  16  2:11  Photon Cannon  
  16  2:18  Assimilator  
  16  2:38  Photon Cannon  
  16  2:39  Photon Cannon  
  16  2:44  Photon Cannon  
  16  2:50  Pylon  
  16  2:58  Photon Cannon  
  16  3:06  Photon Cannon  
  16  3:21  Pylon  
  15  3:48  Pylon  
  15  3:53  Nexus  
  15  3:58  Cybernetics Core  
  15  4:14  Assimilator  
  15  4:20  Photon Cannon  
  15  4:27  Photon Cannon  
  15  4:40  Twilight Council  
  15  4:45  Photon Cannon  
  15  4:48  Pylon  
  15  4:53  Photon Cannon  
  15  5:04  Warp Gate (Chrono Boost)  
  15  5:16  Photon Cannon  
  15  5:37  Dark Shrine  
  15  5:41  Probe  
  15  5:43  Probe  
  17  5:58  Pylon  
  17  6:06  Probe  
  18  6:23  Photon Cannon  
  18  7:00  Pylon  
  18  7:09  Dark Templar  
Tags
 
Matchup
PvP
Replay Pack
All Mines
Spawn Locations
Cross Positions
Add a new tag
Caveats
  • Supply blocks, unpowered buildings, or Contaminate may cause inaccurate times.
  • Supply counts are checked every 10 seconds.